 Dungeon Crawl Stone Soup version 0.22.0-32-gbc6daba (webtiles) character file.

3589 iamserjio the Grappler (level 9, -5/89 HPs)
             Began as a Troll Fighter on Aug 23, 2018.
             Was a Priest of Cheibriados.
             Slain by a troll (12 damage)
             ... on level 1 of the Orcish Mines.
             The game lasted 00:17:46 (2077 turns).

iamserjio the Grappler (Troll Fighter)              Turns: 2077, Time: 00:17:46

Health: -5/89      AC:  5    Str: 36    XL:     9   Next: 85%
Magic:  8/8        EV: 10    Int: 15    God:    Cheibriados [***...]
Gold:   485        SH: 12    Dex: 21    Spells: 8/8 levels left

rFire    . . .     SeeInvis .     - Unarmed
rCold    . . .     Gourm    +   b - +0 shield
rNeg     . . .     Faith    .   a - +0 robe
rPois    .         Spirit   .   (helmet restricted)
rElec    .         Reflect  .   (no cloak)
rCorr    .         Harm     .   (gloves unavailable)
MR       .....                  (boots unavailable)
Stlth    ++........             k - amulet of regeneration
HPRegen  1.04/turn              m - +2 ring of strength
MPRegen  0.11/turn              o - +4 ring of dexterity

@: very slow
A: large, unfitting armour, claws 3, fast metabolism 3, gourmand, regeneration
1, shaggy fur 1, tough skin 2
a: Bend Time, Temporal Distortion, Renounce Religion


You were on level 1 of the Orcish Mines.
You worshipped Cheibriados.
Cheibriados was most pleased with you.
You were full.

You visited 3 branches of the dungeon, and saw 13 of its levels.

You collected 485 gold pieces.

Inventory:

Hand Weapons
 s - the +11 spear of Youthful Indiscretion {speed, rElec Int-2 Dex+5, unknown}
   (You found it on level 5 of the Dungeon)

   Attacks with this weapon are significantly faster.
   It affects your intelligence (-2).
   It affects your dexterity (+5).
   It insulates you from electricity.
   Cheibriados disapproves of the use of such an item.
Armour
 a - a +0 robe (worn)
 b - a +0 shield (worn)
Jewellery
 k - an amulet of regeneration (around neck)
 m - a +2 ring of strength (left claw)
 o - a +4 ring of dexterity (right claw)
 p - an uncursed ring of magical power
 w - an uncursed ring of fire
Wands
 j - a wand of acid (6)
 q - a wand of digging (8)
 r - a wand of flame (26)
 t - a wand of iceblast (6)
Scrolls
 c - 3 scrolls of remove curse {@r2}
 f - 2 scrolls of teleportation
 h - a scroll of blinking
 v - a scroll of enchant weapon {unknown}
Potions
 e - 4 potions of curing {@q1}
 g - a potion of berserk rage
 i - 2 potions of degeneration {unknown}
 l - 2 potions of lignification
 n - a potion of flight {unknown}
 u - 2 potions of brilliance {unknown}
 x - a potion of ambrosia {unknown}
 z - a potion of cancellation {unknown}
 A - a potion of might
 B - a potion of resistance {unknown}
Comestibles
 d - 14 rations


   Skills:
 - Level 6.0 Fighting
 + Level 2.5 Dodging
 + Level 6.1 Shields
 * Level 10.5 Unarmed Combat
 + Level 0.5 Invocations
 + Level 0.4 Evocations


You had 8 spell levels left.
You didn't know any spells.
Your spell library was empty.

Dungeon Overview and Level Annotations

Branches:
Dungeon (10/15)            Temple (1/1) D:6             Orc (2/2) D:9
   Lair: D:8-11         Elf: Orc:2

Altars:
Ashenzari
Cheibriados
Dithmenos
Elyvilon
Kikubaaqudgha
Nemelex Xobeh
Okawaru
Qazlal
Ru
Sif Muna
Trog
Yredelemnul
Zin
The Shining One

Shops:
D:4 (   D:5 %   D:7 }   D:9 (

Annotations:
D:10 Fannar


Innate Abilities, Weirdness & Mutations

You are too large for most types of armour.
You have claws for hands.
Your metabolism is lightning-fast.
You like to eat raw meat.
Your natural rate of healing is unusually fast.
You are covered in fur. (AC +1)
You have very tough skin. (AC +2)


Message History

You block the troll's attack. The troll claws you. x2
* * * LOW HITPOINT WARNING * * *
You block the troll's attack. The troll claws you.
* * * LOW HITPOINT WARNING * * *
The troll claws you.
* * * LOW HITPOINT WARNING * * *
The orc wizard hits you but does no damage.
You block the orc's attack.
The ogre hits you with a giant spiked club!!
* * * LOW HITPOINT WARNING * * *
The orc priest closely misses you.
There is a stone staircase leading down, spattered with blood here.
Items here: $ ) [ † a dagger; a robe; 26 gold pieces; an orc corpse
Okay, then.
Okay, then.
The troll bites you!
* * * LOW HITPOINT WARNING * * *
The troll claws you!
You die...

...#... #.### .
.#.... ....# #.
..... ...... ...
#..o# .....#
....#...##.....#
................
#......OT.......
......o@oo......
..............#$
...............#
.....$.........#
.....##...###.##
##### ##### #


You could see a troll, an orc sorcerer, an ogre, an orc priest, an orc wizard
and an orc.

Vanquished Creatures
  A troll (Orc:1)
  Prince Ribbit (D:5)
  Sigmund (D:5)
  A warg (Orc:1)
  Duvessa (D:7)
  4 orc warriors
  A black bear (D:8)
  2 phantoms
  2 sky beasts
  4 ogres
  3 centaurs
  A big kobold (D:8)
  Blork the orc (D:5)
  2 bullfrogs (D:8)
  Dowan (D:7)
  2 scorpions
  3 crimson imps
  2 centaur zombies
  3 hounds
  8 orc priests
  2 iguanas
  A bullfrog skeleton (D:4)
  A centaur skeleton (D:6)
  Jessica (D:3)
  Ijyb (D:5)
  Natasha (twice) (D:3 D:6)
  An orc wizard (Orc:1)
  3 worker ants
  A hound zombie (D:7)
  Robin (D:4)
  A worker ant zombie (D:5)
  2 adders (D:4)
  A shadow imp (D:7)
  An ooze (D:7)
  A dart slug (D:2)
  2 leopard geckos
  42 orcs
  2 ball pythons
  2 giant cockroaches
  9 goblins
  9 hobgoblins
  7 jackals
  A quokka (D:4)
  2 bats (D:3)
  3 frilled lizards
  A jackal skeleton (D:4)
  10 kobolds
  A leopard gecko skeleton (D:4)
  A quokka skeleton (D:4)
  3 rats
159 creatures vanquished.

Notes
Turn   | Place    | Note
-------+----------+-------------------------------------------
     0 | D:1      | iamserjio the Troll Fighter began the quest for the Orb.
     0 | D:1      | Reached XP level 1. HP: 22/22 MP: 0/0
     0 | D:1      | Noticed a minotaur skeleton
   147 | D:2      | Found a sacrificial altar of Ru.
   182 | D:3      | Noticed Natasha
   186 | D:3      | Reached XP level 2. HP: 28/29 MP: 1/1
   189 | D:3      | Killed Natasha
   189 | D:3      | Reached skill level 3 in Unarmed Combat
   189 | D:3      | Reached XP level 3. HP: 20/36 MP: 2/2
   230 | D:3      | Found an iron altar of Okawaru.
   265 | D:4      | Reached skill level 4 in Unarmed Combat
   289 | D:4      | Reached XP level 4. HP: 33/44 MP: 3/3
   379 | D:4      | Found Legaf Funtut's Antique Weapon Shoppe.
   399 | D:4      | Reached skill level 5 in Unarmed Combat
   401 | D:4      | Reached XP level 5. HP: 24/50 MP: 4/4
   465 | D:3      | Noticed Robin
   507 | D:4      | Reached skill level 6 in Unarmed Combat
   514 | D:4      | Killed Robin
   592 | D:3      | Noticed Jessica
   593 | D:3      | Killed Jessica
   593 | D:3      | Reached XP level 6. HP: 59/59 MP: 5/5
   622 | D:5      | Entered Level 5 of the Dungeon
   637 | D:5      | Noticed Prince Ribbit
   645 | D:5      | Killed Prince Ribbit
   645 | D:5      | Reached skill level 7 in Unarmed Combat
   652 | D:5      | Noticed Blork the orc
   661 | D:5      | Killed Blork the orc
   661 | D:5      | Reached XP level 7. HP: 66/66 MP: 6/6
   672 | D:5      | Reached skill level 8 in Unarmed Combat
   812 | D:6      | Noticed Natasha
   819 | D:6      | Killed Natasha
   853 | D:6      | Found a staircase to the Ecumenical Temple.
   862 | Temple   | Entered the Ecumenical Temple
   875 | Temple   | Became a worshipper of Cheibriados the Contemplative
   967 | D:5      | Found a bloodstained altar of Trog.
  1016 | D:5      | Got an ancient spear
  1027 | D:5      | Found Engyompu's Food Shop.
  1034 | D:5      | Noticed Sigmund
  1052 | D:5      | Killed Sigmund
  1052 | D:5      | Reached XP level 8. HP: 51/75 MP: 7/7
  1059 | D:5      | Noticed Ijyb
  1071 | D:5      | Killed Ijyb
  1250 | D:7      | Found Emocoiq's Gadget Boutique.
  1314 | D:7      | Reached skill level 9 in Unarmed Combat
  1323 | D:7      | Reached * piety under Cheibriados
  1406 | D:7      | Noticed Duvessa
  1412 | D:7      | Noticed Dowan
  1414 | D:7      | Killed Duvessa
  1418 | D:7      | Killed Dowan
  1530 | D:8      | Reached XP level 9. HP: 87/87 MP: 8/8
  1557 | D:8      | Reached skill level 5 in Fighting
  1566 | D:8      | Reached skill level 5 in Shields
  1611 | D:8      | Reached ** piety under Cheibriados
  1620 | D:8      | Found a stormy altar of Qazlal.
  1649 | D:8      | Found a glowing golden altar of the Shining One.
  1762 | D:10     | Entered Level 10 of the Dungeon
  1762 | D:10     | Noticed Fannar
  1776 | D:9      | Reached skill level 10 in Unarmed Combat
  1857 | D:9      | Found Yfacot's Weapon Shop.
  1858 | D:9      | Reached *** piety under Cheibriados
  1879 | D:9      | Found a staircase to the Orcish Mines.
  1891 | Orc:1    | Entered Level 1 of the Orcish Mines
  1944 | Orc:1    | Noticed a troll
  1948 | Orc:1    | Killed a troll
  1968 | Orc:1    | Found a bloodstained altar of Trog.
  2010 | Orc:2    | Entered Level 2 of the Orcish Mines
  2067 | Orc:1    | Noticed a troll
  2074 | Orc:1    | Noticed an orc sorcerer
  2077 | Orc:1    | Slain by a troll

Skill      XL: |  1  2  3  4  5  6  7  8  9 |
---------------+----------------------------+-----
Unarmed Combat | 3 4 5 6 7 8 9 10 | 10.5
Fighting       | 3 4 6 |  6.0
Shields        | 3 4 6 |  6.1
Dodging        | |  2.5
Invocations    | |  0.5
Evocations     | |  0.4

Action                   |  1- 3 |  4- 6 |  7- 9 || total
-------------------------+-------+-------+-------++-------
Melee: Unarmed           |    61 |   132 |   263 ||   456
Evoke: Wand              |       |       |     6 ||     6
  Use: Potion            |     1 |       |     2 ||     3
       Scroll            |       |     5 |     4 ||     9
 Stab: Sleeping          |       |       |     3 ||     3
       Distracted        |       |       |     1 ||     1
  Eat: Chunk             |     1 |     3 |    16 ||    20
Armor: Robe              |    10 |    48 |    35 ||    93
Dodge: Dodged            |    17 |    64 |    74 ||   155
Block: Shield            |    23 |    76 |   116 ||   215
